 Dungeon Crawl Stone Soup version 0.30-a0-371-gad7725a93e (webtiles) character file.

Game seed: 13230582652424743948

11590 McGhostyFace the Basher (level 11, -9/86 (89) HPs)
             Began as a Gnoll Wanderer on Nov 20, 2022.
             Was a High Priest of Kikubaaqudgha.
             Mangled by a two-headed ogre
             ... wielding a +0 giant spiked club
              (11 damage)
             ... on level 11 of the Dungeon on Nov 21, 2022.
             The game lasted 00:50:50 (14138 turns).

McGhostyFace the Basher (Gnoll Wanderer)           Turns: 14138, Time: 00:50:51

HP:   -9/86 (89)    AC: 14    Str: 15    XL:     11   Next: 80%
MP:   13/22         EV: 17    Int: 18    God:    Kikubaaqudgha [*****.]
Gold: 1438          SH:  0    Dex: 12    Spells: 9/25 levels left

rFire   . . .      SeeInvis .    M - +6 quarterstaff of the Two Names {freeze, Drain rPois rC+ Str+2}
rCold   + . .      Faith    .    (shield currently unavailable)
rNeg    . . .      Spirit   .    F - +3 ring mail of the Hall of Blades {rCorr Dex+4}
rPois   +          Reflect  .    u - +0 helmet
rElec   .          Harm     .    k - +0 cloak
rCorr   +          Rampage  .    e - +1 pair of gloves
Will    .....                    (no boots)
Stlth   +++.......               (no amulet)
HPRegen 0.34/turn                C - +4 ring of evasion
MPRegen 0.18/turn                (no ring)

@: animating dead, lightly drained
A: fangs 1, strong nose, distributed training
a: Renounce Religion, Unearth Wretches, Torment


You were on level 11 of the Dungeon.
You worshipped Kikubaaqudgha.
Kikubaaqudgha was extremely pleased with you.
You visited 1 branch of the dungeon, and saw 11 of its levels.
You also visited: Bailey.

You collected 1471 gold pieces.
You spent 33 gold pieces at shops.

Inventory:

Hand Weapons
 o - the +7 spear of the Lurker {antimagic, rC- rN+ Will+ Str+4}
   (You found it on level 3 of the Dungeon)

   It reduces the magical energy of the wielder, and disrupts the spells and
   magical abilities of those it strikes.
   Natural abilities and divine invocations are not affected.
   Str:       It affects your strength (+4).
   rC:        It makes you vulnerable to cold.
   rN:        It protects you from negative energy.
   Will:      It increases your willpower.
 M - the +6 quarterstaff of the Two Names (weapon) {freeze, Drain rPois rC+ Str+2}
   (You found it on level 10 of the Dungeon)

   It freezes those it strikes, dealing additional cold damage.
   It can also slow down cold-blooded creatures.
   Str:       It affects your strength (+2).
   rC:        It protects you from cold.
   rPois:     It protects you from poison.
   Drain:     It drains your maximum health when unequipped.
Missiles
 r - 21 poisoned darts (quivered)
 I - a boomerang
Armour
 e - a +1 pair of gloves (worn)
 k - a +0 cloak (worn)
 u - a +0 helmet (worn)
 B - a +2 robe of the Archmagi
 F - the +3 ring mail of the Hall of Blades (worn) {rCorr Dex+4}
   (You found it on level 6 of the Dungeon)

   Dex:       It affects your dexterity (+4).
   rCorr:     It protects you from acid and corrosion.
Jewellery
 C - a +4 ring of evasion (left hand)
Wands
 x - a wand of polymorph (1)
 L - a wand of paralysis (6)
Scrolls
 c - a scroll of enchant armour
 f - 7 scrolls of teleportation
 h - 2 scrolls of vulnerability
 l - a scroll of poison
 n - 3 scrolls of magic mapping
 s - a scroll of fog
 y - 2 scrolls of blinking
 z - a scroll of immolation
 H - 3 scrolls of noise
Potions
 b - 3 potions of curing
 g - 2 potions of brilliance
 i - a potion of might {unknown}
 m - 2 potions of heal wounds
 p - a potion of mutation {unknown}
 q - a potion of attraction
 t - 2 potions of invisibility
 v - 3 potions of cancellation {unknown}
 w - a potion of berserk rage
 D - a potion of haste
 E - 2 potions of magic
 J - a potion of flight {unknown}


   Skills:
 + Level 9.6 Fighting
 + Level 6.9 Short Blades
 + Level 6.9 Long Blades
 + Level 6.9 Axes
 + Level 9.6 Maces & Flails
 + Level 6.9 Polearms
 + Level 6.9 Staves
 + Level 6.9 Ranged Weapons
 + Level 6.9 Throwing
 + Level 6.9 Armour
 + Level 6.9 Dodging
 + Level 6.9 Stealth
 + Level 6.9 Shields
 + Level 6.9 Unarmed Combat
 + Level 7.5 Spellcasting
 + Level 6.9 Conjurations
 + Level 5.7 Hexes
 + Level 5.7 Summonings
 + Level 5.7 Necromancy
 + Level 5.7 Translocations
 + Level 5.7 Transmutations
 + Level 5.7 Fire Magic
 + Level 5.7 Ice Magic
 + Level 5.7 Air Magic
 + Level 5.7 Earth Magic
 + Level 5.7 Poison Magic
 + Level 7.5 Invocations
 + Level 7.4 Evocations


You had 9 spell levels left.
You knew the following spells:

 Your Spells              Type           Power      Damage    Failure   Level
a - Shock                 Conj/Air       100%       1d9       1%          1
b - Stone Arrow           Conj/Erth      58%        3d10      4%          3
c - Animate Dead          Necr           27%        N/A       17%         4
d - Dispel Undead         Necr           27%        3d13      17%         4
e - Sticky Flame          Conj/Fire      29%        2d5       14%         4

Your spell library contained the following spells:

 Spells                   Type           Power      Damage    Failure   Level
 Apportation              Tloc           54%        N/A       1%          1
 Beastly Appendage        Tmut           54%        N/A       1%          1
 Kiss of Death            Conj/Necr      100%       2d13      1%          1
 Necrotise                Necr           100%       1d9       1%          1
 Slow                     Hex            100%       N/A       1%          1
 Wereblood                Tmut           27%        N/A       2%          2
 Ignite Poison            Fire/Tmut/Pois 27%        N/A       5%          3
 Inner Flame              Hex/Fire       27%        N/A       5%          3
 Spider Form              Tmut/Pois      27%        N/A       5%          3
 Vampiric Draining        Necr           27%        2d7       5%          3
 Anguish                  Hex/Necr       13%        N/A       17%         4
 Alistair's Intoxication  Tmut/Pois      18%        N/A       43%         5
 Borgnjor's Vile Clutch   Necr/Erth      13%        N/A       43%         5
 Silence                  Hex/Air        13%        N/A       43%         5
 Summon Mana Viper        Hex/Summ       27%        N/A       43%         5
 Death Channel            Necr           13%        N/A       95%         6
 Simulacrum               Ice/Necr       13%        N/A       95%         6
 Ignition                 Fire           13%        3d6       100%        8


Dungeon Overview and Level Annotations

Branches:
Dungeon (11/15)            Temple (0/1) D:5            Lair (0/5) D:9
 Bailey (visited)
    Orc: D:9-12

Altars:
Cheibriados
Dithmenos
Elyvilon
Fedhas
Gozag
Hepliaklqana
Kikubaaqudgha
Makhleb
Nemelex Xobeh
Okawaru
Qazlal
Sif Muna
Wu Jian
Xom
The Shining One

Shops:
D:1 [*   D:8 *

Annotations:
D:10 2 runed translucent doors


Innate Abilities, Weirdness & Mutations

You have very sharp teeth.
Your uncanny sense of smell can sniff out nearby items.
Your experience applies equally to all skills.


Message History

You kill the orc!
Kikubaaqudgha accepts your kill.
Things that are here:
a +0 flail of draining; an orc corpse You barely miss the two-headed ogre.
Casting: Animate Dead (dangerous; 17% risk of failure)
Confirm with . or Enter, or press ? or * to list all spells.
You call upon the dead to rise.
The two-headed ogre completely misses you.
The two-headed ogre hits you with a +0 giant club!
You hit the two-headed ogre but do no damage.
You barely miss the two-headed ogre.
The two-headed ogre hits you with a +0 giant spiked club!!
The two-headed ogre closely misses you.
The orc priest calls down the wrath of Beogh upon you.
Beogh smites you!
You thump the two-headed ogre! You freeze the two-headed ogre.
You bite the two-headed ogre, but do no damage.
The two-headed ogre is moderately wounded.
The two-headed ogre hits you with a +0 giant spiked club!
* * * LOW HITPOINT WARNING * * *
The two-headed ogre barely misses you.
The orc priest miscasts a cantrip.
Casting: Animate Dead (dangerous; 17% risk of failure)
Confirm with . or Enter, or press ? or * to list all spells.
Aiming: Stone Arrow (mildly dangerous; 4% risk of failure)
Press: ? - help, Shift-Dir - straight line, f - two-headed ogre
Aim: a two-headed ogre, wielding a +0 giant spiked club and a +0 giant club (moderately wounded, 86% to hit)
The stone arrow hits the two-headed ogre!
The two-headed ogre is heavily wounded.
The orc priest mumbles some strange prayers to Beogh against you.
Beogh smites you!
* * * LOW HITPOINT WARNING * * *
Your magical contamination has completely faded away.
The two-headed ogre attacks as you move away!
The two-headed ogre hits you with a +0 giant spiked club!
* * * LOW HITPOINT WARNING * * *
The two-headed ogre hits you with a +0 giant club!
You die...
Kikubaaqudgha rasps: "You have failed me!
Welcome... death!"

∆ ######### ######## .
#.......#####..(...# ...
#.......o.o)o......#
.....#......o#####.......
.......<..@O.# #......#
......######## #......##.
∆.$.... #........O ......
#.....<... ......
........#.. .....
......o.# # ...?
........# ......oo. ∆
##......#


You could see a two-headed ogre, an orc warrior and 2 orcs.

Vanquished Creatures
  2 vault guards (Bailey)
  3 two-headed ogres
  An unseen horror zombie (D:8)
  2 komodo dragons
  Grinder (D:5)
  A troll (D:10)
  Prince Ribbit (Bailey)
  Sigmund (D:5)
  7 yaks
  2 wraiths (D:10)
  6 humans (Bailey)
  Eustachio (D:5)
  A steam dragon (D:8)
  A water moccasin (D:5)
  2 orc warriors
  A swamp drake (D:9)
  3 black bears
  A sky beast (D:6)
  3 ice beasts
  A centaur (D:7)
  2 ogres
  A phantom (D:5)
  4 kobold brigands
  A gnoll sergeant (D:8)
  15 bullfrogs
  2 necrophages (D:6)
  3 scorpions
  A wyvern zombie (D:8)
  11 wights
  6 killer bees (D:7)
  2 howler monkeys (D:9)
  2 centaur zombies (D:8)
  2 hounds (D:6)
  A gnoll bouda (D:4)
  3 orc priests
  3 iguanas
  10 orc wizards
  A howler monkey zombie (D:8)
  4 adders
  8 gnolls
  A white imp (D:6)
  3 worms
  4 dart slugs
  32 orcs
  6 ball pythons
  8 bats
  4 endoplasms
  6 giant cockroaches
  9 goblins
  6 hobgoblins
  4 jackals (D:3)
  22 kobolds
  3 quokkas
  3 frilled lizards
  2 rats (D:1)
236 creatures vanquished.

Vanquished Creatures (collateral kills)
  A bullfrog (Bailey)
  A gnoll (Bailey)
2 creatures vanquished.

Vanquished Creatures (others)
  An air elemental (D:10)
  A water elemental (D:10)
  A yak (D:10)
  4 bullfrog zombies (Bailey)
  A gnoll zombie (Bailey)
  A kobold (D:9)
  2 kobold zombies (D:9)
  3 plants (D:9)
  4 withered plants (D:8)
18 creatures vanquished.

Grand Total: 256 creatures vanquished

Notes
Turn   | Place    | Note
-------+----------+-------------------------------------------
     0 | D:1      | McGhostyFace the Gnoll Wanderer began the quest for the
                  | Orb.
     0 | D:1      | McGhostyFace set off with the following items: a +3 mace, a
                  | potion of curing, a +0 robe; and the following spell
                  | memorised: Shock; and the following spells available to
                  | memorise: Stone Arrow.
     0 | D:1      | Reached XP level 1. HP: 23/23 MP: 4/4
    49 | D:1      | Found a faded altar of an unknown god.
   114 | D:1      | Prayed at the altar of an unknown god.
   114 | D:1      | Became a worshipper of Kikubaaqudgha
   114 | D:1      | Reached * piety under Kikubaaqudgha
   114 | D:1      | Received a gift from Kikubaaqudgha
   144 | D:1      | Found Kymavoesi's General Store.
   205 | D:1      | Reached XP level 2. HP: 29/29 MP: 5/5
   387 | D:1      | Found Tufihik's Antique Armour Shoppe.
   404 | D:1      | Reached XP level 3. HP: 33/35 MP: 7/7
   795 | D:2      | Got Punlaf's Catalogue of Vexing Snow
   850 | D:2      | Reached ** piety under Kikubaaqudgha
   851 | D:2      | Reached skill level 1 in Invocations
   858 | D:2      | Reached skill level 1 in Short Blades
   858 | D:2      | Reached skill level 1 in Long Blades
   858 | D:2      | Reached skill level 1 in Axes
   858 | D:2      | Reached skill level 1 in Polearms
   858 | D:2      | Reached skill level 1 in Staves
   858 | D:2      | Reached skill level 1 in Ranged Weapons
   858 | D:2      | Reached skill level 1 in Throwing
   858 | D:2      | Reached skill level 1 in Armour
   858 | D:2      | Reached skill level 1 in Dodging
   858 | D:2      | Reached skill level 1 in Stealth
   858 | D:2      | Reached skill level 1 in Shields
   858 | D:2      | Reached skill level 1 in Unarmed Combat
  1164 | D:2      | Reached XP level 4. HP: 41/41 MP: 8/8
  1647 | D:3      | Identified the +7 spear of the Lurker {antimagic, rC- rN+
                  | Will+ Str+4}
  1667 | D:3      | Reached skill level 1 in Hexes
  1667 | D:3      | Reached skill level 1 in Summonings
  1667 | D:3      | Reached skill level 1 in Necromancy
  1667 | D:3      | Reached skill level 1 in Translocations
  1667 | D:3      | Reached skill level 1 in Transmutations
  1667 | D:3      | Reached skill level 1 in Fire Magic
  1667 | D:3      | Reached skill level 1 in Ice Magic
  1667 | D:3      | Reached skill level 1 in Air Magic
  1667 | D:3      | Reached skill level 1 in Earth Magic
  1667 | D:3      | Reached skill level 1 in Poison Magic
  1914 | D:3      | Found a shimmering blue altar of Sif Muna.
  2311 | D:4      | Reached XP level 5. HP: 12/47 MP: 3/9
  2819 | D:4      | Noticed a black bear
  2870 | D:4      | Noticed a black bear
  2881 | D:4      | Killed a black bear
  2882 | D:4      | Reached XP level 6. HP: 43/53 MP: 0/11
  2937 | D:4      | Killed a black bear
  2976 | D:4      | Found a sparkling altar of Nemelex Xobeh.
  3426 | D:4      | Found a large runed translucent door.
  3426 | D:4      | Found a large runed translucent door.
  3804 | D:4      | Found a shimmering altar of Xom.
  3819 | D:4      | Found a snail-covered altar of Cheibriados.
  3873 | D:5      | Entered Level 5 of the Dungeon
  3997 | D:5      | Noticed Eustachio
  4008 | D:5      | Killed Eustachio
  4009 | D:5      | Reached XP level 7. HP: 42/60 MP: 4/12
  4177 | D:5      | Found a staircase to the Ecumenical Temple.
  4249 | D:5      | Noticed Sigmund
  4259 | D:5      | Killed Sigmund
  4399 | D:5      | Reached XP level 8. HP: 54/67 MP: 2/14
  4443 | D:5      | Learned a level 3 spell: Stone Arrow
  4780 | D:5      | Found a glowing golden altar of the Shining One.
  4912 | D:5      | Noticed Grinder
  4922 | D:5      | Killed Grinder
  5002 | D:5      | Identified the +1 robe of Yrphotife {rPois Will+ Dex-4}
  5448 | D:6      | Reached *** piety under Kikubaaqudgha
  5448 | D:6      | Received a gift from Kikubaaqudgha
  5733 | D:6      | Found a stormy altar of Qazlal.
  5768 | D:6      | Found a blossoming altar of Fedhas.
  5783 | D:6      | HP: 2/67 [centaur/arrow (11)]
  6351 | D:6      | Reached skill level 5 in Conjurations
  6358 | D:6      | Identified the +3 ring mail of the Hall of Blades {rCorr
                  | Dex+4}
  6594 | D:6      | Reached XP level 9. HP: 73/73 MP: 5/16
  6604 | D:6      | Reached skill level 5 in Spellcasting
  7090 | D:7      | Reached skill level 5 in Evocations
  7229 | D:7      | Found an opulent altar of Gozag.
  7591 | D:7      | Found a white marble altar of Elyvilon.
  7609 | D:7      | Reached skill level 5 in Invocations
  8144 | D:8      | Noticed a two-headed ogre
  8378 | D:8      | Found an ornate altar of the Wu Jian Council.
  8433 | D:8      | Found Qudghur's General Store.
  8500 | D:8      | Learned a level 4 spell: Animate Dead
  8578 | D:8      | Found a hazy altar of Hepliaklqana.
  8632 | D:8      | Found an iron altar of Okawaru.
  8773 | D:8      | Reached skill level 5 in Short Blades
  8773 | D:8      | Reached skill level 5 in Long Blades
  8773 | D:8      | Reached skill level 5 in Axes
  8773 | D:8      | Reached skill level 5 in Polearms
  8773 | D:8      | Reached skill level 5 in Staves
  8773 | D:8      | Reached skill level 5 in Ranged Weapons
  8773 | D:8      | Reached skill level 5 in Throwing
  8773 | D:8      | Reached skill level 5 in Armour
  8773 | D:8      | Reached skill level 5 in Dodging
  8773 | D:8      | Reached skill level 5 in Stealth
  8773 | D:8      | Reached skill level 5 in Shields
  8773 | D:8      | Reached skill level 5 in Unarmed Combat
  8773 | D:8      | Reached XP level 10. HP: 33/82 MP: 3/18
  9169 | D:8      | Killed a two-headed ogre
  9335 | D:8      | Bought a scroll of teleportation for 33 gold pieces
  9415 | D:8      | Learned a level 4 spell: Dispel Undead
  9901 | D:9      | Noticed a two-headed ogre
  9901 | D:9      | Found a shadowy altar of Dithmenos.
 10053 | D:9      | Reached **** piety under Kikubaaqudgha
 10417 | D:9      | Found a burning altar of Makhleb.
 10849 | D:9      | Killed a two-headed ogre
 10850 | D:9      | Reached skill level 5 in Hexes
 10850 | D:9      | Reached skill level 5 in Summonings
 10850 | D:9      | Reached skill level 5 in Necromancy
 10850 | D:9      | Reached skill level 5 in Translocations
 10850 | D:9      | Reached skill level 5 in Transmutations
 10850 | D:9      | Reached skill level 5 in Fire Magic
 10850 | D:9      | Reached skill level 5 in Ice Magic
 10850 | D:9      | Reached skill level 5 in Air Magic
 10850 | D:9      | Reached skill level 5 in Earth Magic
 10850 | D:9      | Reached skill level 5 in Poison Magic
 10850 | D:9      | Reached XP level 11. HP: 80/89 MP: 7/21
 11070 | D:9      | Found a staircase to the Lair.
 11404 | D:10     | Entered Level 10 of the Dungeon
 11515 | D:10     | Found a flagged portal.
 11524 | Bailey   | Entered a bailey
 11789 | Bailey   | Reached ***** piety under Kikubaaqudgha
 12155 | Bailey   | Noticed a vault guard
 12155 | Bailey   | Noticed Prince Ribbit
 12169 | Bailey   | Killed Prince Ribbit
 12191 | Bailey   | Killed a vault guard
 12368 | Bailey   | Noticed a vault guard
 12375 | Bailey   | Learned a level 4 spell: Sticky Flame
 12393 | Bailey   | Killed a vault guard
 12770 | D:10     | Noticed a two-headed ogre
 12785 | D:10     | Killed a two-headed ogre
 12915 | D:10     | Identified the +6 quarterstaff of the Two Names {freeze,
                  | Drain rPois rC+ Str+2}
 13041 | D:10     | Found a large runed translucent door.
 13046 | D:10     | Found a large runed translucent door.
 13461 | D:11     | Noticed a two-headed ogre
 13711 | D:9      | Identified a scroll of acquirement
 13711 | D:9      | Acquired 977 gold pieces
 14138 | D:11     | HP: 2/86 [two-headed ogre/+0 giant spiked club (8)]
 14138 | D:11     | Mangled by a two-headed ogre

Illustrated notes

Levels and vault maps discovered:
D:1:      saegor_arrival_under_anarchy, layout_basic, serial_shops,
          nicolae_diamond_shop, shop_fountains,
          hellmonk_ecumenical_altar_arch_garden, hangedman_decor_opposing
D:2:      layout_loops_ring, minmay_tetromino_s2
D:3:      layout_basic, lemuel_round_altar, minmay_misc_feat_tower
D:4:      layout_layer_cave, overflow_temple_1_default, jmf_multi_god_temple2,
          glass_columns_a, patterned_corridor
D:5:      layout_basic, mainiacjoe_overflow_alcove_1, uniq_eustachio,
          uniq_sigmund, uniq_grinder
D:6:      layout_basic, overflow_temple_1_default, fedhas_bush_and_centaur_altar
D:7:      nicolae_cairo_tiling_large, layout_loops_ring, elyvilon_altar_1,
          grunt_gozag_breadcrumbs
D:8:      layout_layer_cave, overflow_temple_1_default,
          overflow_temple_1_default, old_standard_altar, serial_undead,
          serial_undead_b, serial_undead_e, serial_undead_b, serial_undead_e,
          serial_shops, nicolae_shop_statue_plus
D:9:      layout_rooms, general_overflow_altar, grunt_dithmenos_smoke,
          david_lair_shrubbed, chequers_serial_rivers_micro_c
D:10:     layout_loops_ring, enter_bailey_8, minmay_misc_feat_columns,
          lightli_elemental_guards
D:11:     layout_rooms, blue_anna_alchemist

Skill      XL: |  1  2  3  4  5  6  7  8  9 10 11 |
---------------+----------------------------------+-----
Invocations    | 1 2 3 4 5 6 7 |  7.5
Short Blades   | 1 2 3 5 6 |  6.9
Long Blades    | 1 2 3 5 6 |  6.9
Axes           | 1 2 3 5 6 |  6.9
Polearms       | 1 2 3 5 6 |  6.9
Staves         | 1 2 3 5 6 |  6.9
Ranged Weapons | 1 2 3 5 6 |  6.9
Throwing       | 1 2 3 5 6 |  6.9
Armour         | 1 2 3 5 6 |  6.9
Dodging        | 1 2 3 5 6 |  6.9
Stealth        | 1 2 3 5 6 |  6.9
Shields        | 1 2 3 5 6 |  6.9
Unarmed Combat | 1 2 3 5 6 |  6.9
Spellcasting   | 3 4 5 6 7 |  7.5
Hexes          | 1 2 3 4 5 |  5.7
Summonings     | 1 2 3 4 5 |  5.7
Necromancy     | 1 2 3 4 5 |  5.7
Translocations | 1 2 3 4 5 |  5.7
Transmutations | 1 2 3 4 5 |  5.7
Fire Magic     | 1 2 3 4 5 |  5.7
Ice Magic      | 1 2 3 4 5 |  5.7
Air Magic      | 1 2 3 4 5 |  5.7
Earth Magic    | 1 2 3 4 5 |  5.7
Poison Magic   | 1 2 3 4 5 |  5.7
Evocations     | 3 4 5 6 7 |  7.4
Conjurations   | 4 5 6 |  6.9
Fighting       | 7 8 9 |  9.6
Maces & Flails | 7 8 9 |  9.6

Action                   |  1- 3 |  4- 6 |  7- 9 | 10-12 || total
-------------------------+-------+-------+-------+-------++-------
Melee: Mace              |    69 |    43 |       |       ||   112
       Bite              |     2 |     8 |    28 |    56 ||    94
       Punch             |     1 |     1 |    14 |    21 ||    37
       Spear             |       |    58 |   329 |   485 ||   872
       Quarterstaff      |       |       |       |     5 ||     5
Throw: Throwing net      |       |       |     1 |       ||     1
       Boomerang         |       |       |       |    13 ||    13
       Dart              |       |       |       |    23 ||    23
 Cast: Shock             |       |     8 |    10 |       ||    18
       Stone Arrow       |       |       |     2 |     1 ||     3
       Animate Dead      |       |       |     1 |     3 ||     4
       Dispel Undead     |       |       |       |     4 ||     4
       Sticky Flame      |       |       |       |     2 ||     2
Evoke: Wand              |       |       |     2 |     4 ||     6
  Use: Potion            |       |     1 |     6 |     7 ||    14
       Scroll            |       |     1 |       |    19 ||    20
 Stab: Sleeping          |     1 |     2 |    10 |     3 ||    16
       Distracted        |       |       |     1 |     1 ||     2
       Paralysed         |       |       |       |     6 ||     6
       Invisible         |       |       |       |     4 ||     4
Armor: Robe              |    18 |    12 |       |    11 ||    41
       Leather armour    |       |     9 |     9 |       ||    18
       Ring mail         |       |       |    80 |    91 ||   171
       Skin              |       |       |       |    16 ||    16
Dodge: Dodged            |    44 |    70 |   240 |   295 ||   649

Table legend: (Time is in decaauts)
 A = Elapsed time spent in this place.
 B = Non-inter-level travel time spent in this place.
 C = Inter-level travel time spent in this place.
 D = Time resting spent in this place.
 E = Time spent auto-exploring this place.
 F = Levels seen in this place.
 G = Mean time per level.
                   A        B        C        D        E       F      G
               +--------+--------+--------+--------+--------+-----+--------+
         Total |  14045 |  13202 |    843 |   4165 |   6403 |  12 | 1170.4 |
       Dungeon |  13095 |  12252 |    843 |   3575 |   6371 |  11 | 1190.5 |
        Bailey |    949 |    949 |      0 |    590 |     32 |   1 |  949.0 |
               +--------+--------+--------+--------+--------+-----+--------+

Top non-repeatable levels by time:
     D:6: 1751 daAuts
     D:8: 1657 daAuts
     D:4: 1645 daAuts
    D:10: 1519 daAuts
     D:9: 1501 daAuts
     D:5: 1413 daAuts
     D:7: 1334 daAuts
  Bailey: 949 daAuts
     D:3: 904 daAuts
     D:1: 671 daAuts
     D:2: 661 daAuts
    D:11: 34 daAuts
